 Dungeon Sprint DCSS version 0.24.0-123-gd5b16e6ec5 (webtiles) character file.

Game seed: 748170519295607039, levelgen mode: deterministic

10600000 FessEmpty the Intangible (level 27, -16/259 (261) HPs)
             Began as a Spriggan Gladiator on Jan 6, 2020.
             Was the Champion of Makhleb.
             Engulfed by a cloud of flame (20 damage)
             ... in the Dungeon (Sprint VIII: "Arena of Blood").
             The game lasted 00:05:37 (106 turns).

FessEmpty the Intangible (Spriggan Gladiator)        Turns: 106, Time: 00:05:38

HP:   -16/259 (261) AC:  4    Str: 15    XL:     27
MP:   39/55         EV: 44    Int: 13    God:    Makhleb [******]
Gold: 0             SH:  0    Dex: 27    Spells: 80/80 levels left

rFire    . . .     SeeInvis +   l - +∞ Axe of Woe
rCold    . . .     Gourm    .   (shield currently unavailable)
rNeg     . . .     Faith    .   b - +0 robe
rPois    .         Spirit   .   c - +0 hat
rElec    .         Reflect  .   (no cloak)
rCorr    .         Harm     .   (gloves unavailable)
MR       ++++.     NoTele   +   (boots unavailable)
Stlth    ..........             (no amulet)
HPRegen  0.53/turn              (no ring)
MPRegen  0.34/turn              (no ring)

@: berserking, very quick
A: very small, unfitting armour, see invisible, herbivore, speed 3, slow
metabolism 2
a: Minor Destruction, Lesser Servant of Makhleb, Major Destruction, Greater
Servant of Makhleb, Renounce Religion


You were in the Dungeon.
You worshipped Makhleb.
Makhleb was exalted by your worship.
You were not hungry.

You visited 1 branch

Inventory:

Hand Weapons
 a - a +0 war axe
 l - the +∞ Axe of Woe (weapon)
   (You found it in the Dungeon)
Missiles
 d - 3 throwing nets (quivered)
Armour
 b - a +0 robe (worn)
 c - a +0 hat (worn)
Scrolls
 k - a scroll of blinking
Potions
 e - a potion of curing
 h - a potion of haste
 i - 2 potions of magic
Comestibles
 f - a ration


   Skills:
 O Level 27 Fighting
 O Level 27 Axes
 O Level 27 Throwing
 O Level 27 Armour
 O Level 27 Dodging
 O Level 27 Stealth
 O Level 27 Unarmed Combat
 O Level 27 Spellcasting
 O Level 27 Invocations


You had 80 spell levels left.
You didn't know any spells.
Your spell library was empty.

Dungeon Overview and Level Annotations

Branches:
Dungeon (1/1)

Altars:
Makhleb


Innate Abilities, Weirdness & Mutations

You are very small and have problems with some larger weapons.
You are too small for most types of armour.
You have supernaturally acute eyesight. (SInv)
You are a herbivore.
You cover ground extremely quickly.
You need to consume almost no food.


Message History

An accursed comes into view.
A large bag of meat comes into view. It is wielding a +9 giant spiked club.
A destroyer comes into view.
It is wielding a +9 great sword of slicing.
A wretched soul comes into view.
You hit the meat berserker but do no damage.
You cleave the meat berserker in twain.
You kill the meat berserker!
Makhleb accepts your kill.
You hit the bag of meat.
You hew the bag of meat savagely.
You kill the bag of meat!
Makhleb accepts your kill.
You feel better.
The observer appears out of thin air!
An observer comes into view.
You are engulfed in blazing flames.
You hear a shout! x3
The accursed casts a spell at you. Something smites you!
A tyrant comes into view.
The accursed is engulfed in blazing flames.
The accursed casts a spell at you. Something smites you!
You hear a shout!
The crawling corpse is engulfed in blazing flames.
The crawling corpse is destroyed!
You hear a shout! x2
The observer turns its gaze towards you.
You slice the sculptor of flesh!!
You dissect the sculptor of flesh like a pig carcass.
You destroy the sculptor of flesh!
Makhleb accepts your kill.
You feel better.
You are engulfed in blazing flames.
The accursed points at you and mumbles some strange words.
Something smites you! The dread throws damnation at you.
The sphere of damnation explodes!
The damnation engulfs you!!
The destroyer blinks!
The tyrant gestures wildly while chanting.
You hear a shout! x4
The dread throws damnation at you.
The sphere of damnation explodes!
The damnation engulfs you!!
You hear a shout! x3; You hear a bark!
Press: ? - help, Shift-Dir - straight line, f - accursed
Aim: an accursed You hear a mighty clap of thunder!
The bolt of lightning hits the dread!
The dread is lightly damaged.
The bolt of lightning misses the accursed.
The bolt of lightning hits the large abomination.
The large abomination is lightly damaged.
You are engulfed in blazing flames.
You hear a shout! x5; You hear a roar!
You hear a shout! x2
You hear a trumpeting!
You hear a shout! x3; You hear a roar!
You hear a shout!
You hear two shouts!
You hear a shout! x7; You hear an angry hiss.
You hear a shout! x5; You hear a roar!
You hear a shout!
You hear a roar!
A meat beast comes into view.
You hear a shout! x3
A bag of meat comes into view. It is wielding a +9 war axe.
You hear a shout!
The dread calls on the powers of darkness!
Your body is wracked with pain!
* * * LOW HITPOINT WARNING * * *
The bag of meat convulses! x3; The large bag of meat convulses!
The observer convulses!
You hear a shout! x3
The meat beast moves out of view.
A wretched soul comes into view.
You hit the accursed but do no damage.
You cleave the accursed in twain.
You destroy the accursed!
Makhleb accepts your kill.
You feel better.
You feel extremely nervous for a moment...
You are engulfed in negative energy!
You feel drained.
You are engulfed in blazing flames.
You hear a shout! x2
The accursed casts a spell at you. Something smites you!
The accursed casts a spell at you. Something smites you!
The wretched soul is engulfed in blazing flames.
You slice the meat beast!!
You hew the meat beast savagely.
You kill the meat beast!
Makhleb accepts your kill.
You feel better.
Your life force feels restored.
You slice the dread!!
You fatally mangle the dread.
You destroy the dread!
Makhleb accepts your kill.
You feel better.
You hit the wretched soul.
You butcher the wretched soul messily.
You destroy the wretched soul!
Makhleb accepts your kill.
You are engulfed in blazing flames.
You hear a shout!
A tyrant comes into view.
The accursed casts a spell at you. Something smites you!
The dread calls on the powers of darkness!
Your body is wracked with pain!
The bag of meat convulses! x2
The observer convulses!
You hear a shout!
The destroyer blinks!
You hear a shout!
You feel much better.
You are engulfed in blazing flames.
You hear a shout! x2
The observer gazes at you. Something smites you!
You hear a shout! x2
The accursed gestures at you while chanting.
Something smites you!
The dread is engulfed in blazing flames.
You hear a shout! x2
The accursed gestures at you while chanting.
Something smites you!
* * * LOW HITPOINT WARNING * * *
You hear a shout!
You hit the dread but do no damage.
You slaughter the dread joyfully.
You destroy the dread!
Makhleb accepts your kill.
You feel better.
You slash the destroyer!
You cleave the destroyer in twain.
You destroy the destroyer!
Makhleb accepts your kill.
You feel better.
The accursed appears out of thin air!
An accursed comes into view.
You are engulfed in blazing flames.
You hear a shout! x8
The observer gazes at you. The bolt of fire misses you.
The accursed points at you and mumbles some strange words.
Something smites you!
The tyrant casts a spell.
You hear a shout!
You slice the bag of meat!!
You butcher the bag of meat messily.
You kill the bag of meat!
Makhleb accepts your kill.
You are engulfed in blazing flames.
You hear a shout!
A bag of meat comes into view. It is wielding a +9 war axe.
The crawling corpse is engulfed in blazing flames.
The crawling corpse is destroyed!
You hear a shout!
The accursed points at you and mumbles some strange words.
Something smites you!
You hear a shout! x2
A bag of meat comes into view. It is wielding a +9 war axe.
Okay, then.
Press: ? - help, Shift-Dir - straight line, f - wretched soul, p - accursed
Aim: a wretched soul (slightly transparent)
The fireball explodes!
The fireball engulfs the accursed!
The accursed is lightly damaged.
The fireball engulfs the bag of meat!!
The bag of meat is almost dead.
The fireball engulfs the bag of meat!!
The bag of meat is almost dead.
You are engulfed in blazing flames.
You hear a shout! x4
A tyrant comes into view.
A destroyer comes into view.
It is wielding a +9 great sword of slicing.
The accursed gestures at you while chanting.
Something smites you!
The accursed gestures at you while chanting.
Something smites you!
You hear a shout! x2
The accursed gestures at you while chanting.
Something smites you!
An observer comes into view.
An eight-headed meat hydra comes into view.
A tyrant comes into view.
You hit the bag of meat.
You hew the bag of meat savagely.
You kill the bag of meat!
Makhleb accepts your kill.
You hit the accursed.
You hew the accursed savagely.
You destroy the accursed!
Makhleb accepts your kill.
You feel extremely nervous for a moment...
Your flesh rots away!
You slash the observer!
You pulverise the observer into a thin bloody mist.
You kill the observer!
Makhleb accepts your kill.
You feel better.
You are engulfed in blazing flames.
You hear a shout! x3
The tyrant mumbles some strange words.
The tyrant seems to speed up.
The tyrant waves its bony arms in wide circles.
The air twists around and strikes you!!!
* * * LOW HITPOINT WARNING * * *
The accursed casts a spell at you. Something smites you!
* * * LOW HITPOINT WARNING * * *
The accursed points at you and mumbles some strange words.
Something smites you!
* * * LOW HITPOINT WARNING * * *
The accursed points at you and mumbles some strange words.
Something smites you!
* * * LOW HITPOINT WARNING * * *
You hear a shout!
Okay, then.
A red film seems to cover your vision as you go berserk!
You feel yourself moving faster!
You feel mighty!
You are engulfed in blazing flames.
You die...

#.. ..# #.. .L#
...###%.. ..###.
.....L..###......
#......%._.%...
..... #..O.V# .
......#_.<._# ...
......#☼)☼)o#XXX..
#..o..%o§@)M%.LX..
......M°###)W.X.G.
...###M..o..X###..
#.......#
#O......#
%.........
..oW.......
o..........
...........#


You could see 3 accurseds, 3 tentacled monstrosities, 3 tyrants, a destroyer, an
observer (invisible), a large bag of meat (inner flame), 3 large abominations, a
wretched soul (invisible) and 3 bags of meat.

Vanquished Creatures
  5 hell beasts (D)
  4 greater mummies (D)
  A great orb of eyes (D)
  5 wraiths (D)
  14 vampire knights (D)
  30 ogres (D)
  4 two-headed ogres (D)
  A lich (D)
  2 hydras (D)
  31 orcs (D)
  2 phantoms (D)
  6 skeletal warriors (D)
  3 small abominations (D)
  5 large abominations (D)
  9 crawling corpses (D)
122 creatures vanquished.

Vanquished Creatures (others)
  4 crawling corpses (D)
4 creatures vanquished.

Grand Total: 126 creatures vanquished

Notes
Turn   | Place    | Note
-------+----------+-------------------------------------------
     0 | D        | Found the +∞ Axe of Woe
     0 | D        | FessEmpty the Spriggan Gladiator began the quest for the
                  | Orb.
     0 | D        | Reached XP level 1. HP: 10/10 MP: 2/2
     0 | D        | Noticed a bag of meat
     2 | D        | Noticed a bag of meat
     3 | D        | Killed a bag of meat
     3 | D        | Reached XP level 2. HP: 32/32 MP: 3/3
     3 | D        | Reached XP level 3. HP: 36/36 MP: 4/4
     3 | D        | Reached XP level 4. HP: 41/41 MP: 5/5
     3 | D        | Reached XP level 5. HP: 46/46 MP: 6/6
     3 | D        | Reached XP level 6. HP: 51/51 MP: 7/7
     3 | D        | Reached XP level 7. HP: 55/55 MP: 8/8
     3 | D        | Reached XP level 8. HP: 60/60 MP: 9/9
     3 | D        | Reached XP level 9. HP: 64/64 MP: 10/10
     3 | D        | Reached XP level 10. HP: 70/70 MP: 11/11
     3 | D        | Reached XP level 11. HP: 74/74 MP: 12/12
     3 | D        | Noticed a bag of meat
     4 | D        | Noticed a bag of meat
     5 | D        | Became a worshipper of Makhleb the Destroyer
     6 | D        | Noticed a meat berserker
     6 | D        | Noticed a meat berserker
     6 | D        | Noticed a meat berserker
     7 | D        | Noticed a meat berserker
     8 | D        | Killed a bag of meat
     8 | D        | Reached XP level 12. HP: 83/83 MP: 13/13
     8 | D        | Noticed a meat berserker
     8 | D        | Noticed a bag of meat
    11 | D        | Killed a meat berserker
    11 | D        | Reached * piety under Makhleb
    11 | D        | Reached XP level 13. HP: 92/92 MP: 14/14
    11 | D        | Reached XP level 14. HP: 98/98 MP: 15/15
    11 | D        | Killed a bag of meat
    11 | D        | Noticed a meat berserker
    12 | D        | Killed a meat berserker
    12 | D        | Reached skill level 27 in Dodging
    12 | D        | Reached XP level 15. HP: 109/109 MP: 16/16
    12 | D        | Killed a meat berserker
    12 | D        | Reached ** piety under Makhleb
    12 | D        | Reached skill level 27 in Fighting
    12 | D        | Reached XP level 16. HP: 116/116 MP: 17/17
    13 | D        | Killed a meat berserker
    13 | D        | Reached skill level 27 in Axes
    13 | D        | Reached XP level 17. HP: 121/121 MP: 17/24
    14 | D        | Noticed a meat berserker
    15 | D        | Noticed a meat berserker
    17 | D        | Noticed a large bag of meat
    18 | D        | Killed a meat berserker
    18 | D        | Reached *** piety under Makhleb
    19 | D        | Killed a meat berserker
    19 | D        | Reached skill level 27 in Stealth
    19 | D        | Reached XP level 18. HP: 127/127 MP: 17/34
    20 | D        | Killed a meat berserker
    20 | D        | Reached skill level 27 in Invocations
    20 | D        | Reached skill level 5 in Armour
    21 | D        | Killed a meat berserker
    21 | D        | Reached **** piety under Makhleb
    21 | D        | Reached XP level 19. HP: 132/132 MP: 18/37
    26 | D        | Killed a large bag of meat
    26 | D        | Noticed a meat berserker
    26 | D        | Noticed a meat berserker
    27 | D        | Reached ***** piety under Makhleb
    28 | D        | Reached skill level 27 in Armour
    28 | D        | Reached XP level 20. HP: 137/137 MP: 19/38
    28 | D        | Noticed a large bag of meat
    32 | D        | Killed a meat berserker
    32 | D        | Reached skill level 10 in Unarmed Combat
    33 | D        | Noticed a destroyer
    33 | D        | Killed a meat berserker
    35 | D        | Killed a large bag of meat
    35 | D        | Reached XP level 21. HP: 142/142 MP: 21/48
    37 | D        | Noticed a destroyer
    38 | D        | Noticed a large bag of meat
    38 | D        | Noticed a destroyer
    39 | D        | Reached ****** piety under Makhleb
    40 | D        | Killed a destroyer
    40 | D        | Reached skill level 27 in Spellcasting
    40 | D        | Killed a destroyer
    40 | D        | Reached skill level 27 in Throwing
    40 | D        | Reached XP level 22. HP: 148/148 MP: 22/54
    40 | D        | Reached skill level 27 in Unarmed Combat
    43 | D        | Noticed a destroyer
    44 | D        | Killed a destroyer
    44 | D        | Reached XP level 23. HP: 79/153 MP: 23/55
    45 | D        | Killed a destroyer
    47 | D        | Noticed an accursed
    48 | D        | Killed a large bag of meat
    49 | D        | Noticed a destroyer
    51 | D        | Reached XP level 24. HP: 158/158 MP: 25/55
    53 | D        | Killed an accursed
    53 | D        | Reached XP level 25. HP: 161/161 MP: 25/55
    53 | D        | Noticed a destroyer
    54 | D        | Noticed an accursed
    54 | D        | Noticed a destroyer
    56 | D        | Reached XP level 26. HP: 167/167 MP: 26/55
    57 | D        | Killed an accursed
    57 | D        | Killed a destroyer
    57 | D        | Reached XP level 27. HP: 172/172 MP: 26/55
    57 | D        | Noticed a destroyer
    58 | D        | Killed a destroyer
    60 | D        | Killed a destroyer
    62 | D        | Killed a destroyer
    63 | D        | Noticed a destroyer
    65 | D        | Killed a destroyer
    66 | D        | Noticed a dread
    66 | D        | Noticed a destroyer
    67 | D        | Killed a dread
    70 | D        | Noticed a meat beast
    71 | D        | Noticed a dread
    72 | D        | Noticed a dread
    72 | D        | Noticed a meat beast
    73 | D        | Noticed a tyrant
    75 | D        | Noticed a destroyer
    76 | D        | Killed a meat beast
    76 | D        | Killed a tyrant
    76 | D        | Noticed a destroyer
    76 | D        | Noticed a large bag of meat
    78 | D        | Killed a dread
    78 | D        | Noticed an accursed
    81 | D        | Noticed a meat beast
    81 | D        | Noticed a dread
    82 | D        | Killed a meat beast
    84 | D        | Killed a destroyer
    85 | D        | Noticed an accursed
    86 | D        | Killed a meat beast
    87 | D        | Killed a dread
    89 | D        | Noticed a meat beast
    89 | D        | Noticed a destroyer
    90 | D        | Killed a destroyer
    90 | D        | Noticed a dread
    91 | D        | Killed a large bag of meat
    94 | D        | Killed a destroyer
    94 | D        | Noticed an accursed
    95 | D        | Killed a meat beast
    95 | D        | Killed a destroyer
    95 | D        | Noticed a meat beast
    95 | D        | Noticed an accursed
    95 | D        | Noticed a large bag of meat
    95 | D        | Noticed a destroyer
    96 | D        | Noticed a tyrant
    98 | D        | Noticed a meat beast
    99 | D        | Killed an accursed
   100 | D        | Killed a meat beast
   100 | D        | Killed a dread
   100 | D        | Noticed a tyrant
   102 | D        | Killed a dread
   102 | D        | Killed a destroyer
   103 | D        | Noticed an accursed
   104 | D        | Noticed a tyrant
   104 | D        | Noticed a destroyer
   104 | D        | Noticed a tyrant
   105 | D        | Killed an accursed
   105 | D        | HP: 3/173 [accursed/divine providence (8)]
   106 | D        | Engulfed by a cloud of flame

Levels and vault maps discovered:
D:        meatsprint

Skill      XL: |  1  2  3  4  5  6  7  8  9 10 11 12 13 14 15 16 17 18 19 20 21 22 |
---------------+-------------------------------------------------------------------+-----
Fighting       | 16 19 22 25 27 | 27.0
Axes           | 12 14 16 19 22 27 | 27.0
Dodging        | 19 22 25 27 | 27.0
Stealth        | 13 27 | 27.0
Invocations    | 9 22 27 | 27.0
Armour         | 16 27 | 27.0
Throwing       | 3 19 27 | 27.0
Unarmed Combat | 2 16 26 27 | 27.0
Spellcasting   | 22 27 | 27.0

Action                   |  1- 3 |  4- 6 |  7- 9 | 10-12 | 13-15 | 16-18 | 19-21 | 22-24 | 25-27 || total
-------------------------+-------+-------+-------+-------+-------+-------+-------+-------+-------++-------
Melee: Broad axe         |     1 |       |       |     2 |     1 |     5 |    12 |     9 |    39 ||    69
Invok: Major Destruction |       |       |       |       |       |       |       |     3 |     5 ||     8
       Minor Destruction |       |       |       |       |       |       |       |       |     1 ||     1
  Use: Potion            |       |       |       |       |       |       |       |       |     2 ||     2
Dodge: Dodged            |       |       |       |       |       |       |       |       |     5 ||     5
